PAA
PHOENIX HOTSPUR YOUTH @ TACOMA FUR TRADERS
08/30/2031
 
TOP OF THE 1ST
Phoenix Hotspur Youth batting - Pitching for Tacoma Fur Traders : RHP Álex Hernández
Pitching: RHP Álex Hernández
Batting: RHB Juan Negrete 0-0: Ball
1-0: Ball
2-0: Foul Ball, location: 2F
2-1: Foul Ball, location: 2F
2-2: Ball
3-2: Reached on error, E6 (Groundball, 6)
Batting: LHB Damian Alldred 0-0: Fly out, F3 (Popup, 13S)
Batting: RHB Sinfronio Vitor 0-0: Ball
1-0: Called Strike
1-1: Ball
2-1: Foul Ball, location: 2F
2-2: Fly out, F7 (Flyball, 7S)
Batting: RHB Braylen Sampson 0-0: Ball
1-0: Foul Ball, location: 2F
1-1: Ball
2-1: Foul Ball, location: 2F
2-2: Ball
3-2: Foul Ball, location: 2F
3-2: Fly out, F5 (Popup, 56)
Top of the 1st over - 0 runs, 0 hits, 1 error, 1 left on base; Phoenix Hotspur 0 - Tacoma 0
BOTTOM OF THE 1ST
Tacoma Fur Traders batting - Pitching for Phoenix Hotspur Youth : RHP Masahiro Sakei
Pitching: RHP Masahiro Sakei
Batting: RHB Jeremy Geertsen 0-0: Called Strike
0-1: Ball
1-1: Swinging Strike
1-2: Ball
2-2: Ground out 5-3 (Groundball, 56S)
Batting: RHB Michael Palledorous 0-0: Ground out 3-1 (Groundball, 34S)
Batting: RHB Daryl Yandell 0-0: Ball
1-0: Ball
2-0: Ball
3-0: Base on Balls
Batting: RHB Amon-Ra St. Brown 0-0: SINGLE (Groundball, 56D)
Daryl Yandell to second
Batting: RHB Mike Case 0-0: Fly out, F9 (Flyball, 89D)
Bottom of the 1st over - 0 runs, 1 hit, 0 errors, 2 left on base; Phoenix Hotspur 0 - Tacoma 0
TOP OF THE 2ND
Phoenix Hotspur Youth batting - Pitching for Tacoma Fur Traders : RHP Álex Hernández
Batting: LHB António Escalante 0-0: Ball
1-0: Called Strike
1-1: Called Strike
1-2: Foul Ball, location: 2F
1-2: Ball
2-2: Foul Ball, location: 2F
2-2: Ground out U3 (Groundball, 34)
Batting: RHB José Souza 0-0: Ball
1-0: Foul Ball, location: 2F
1-1: Foul Ball, location: 2F
1-2: SINGLE (Line Drive, 3)
Batting: RHB Bill Poole 0-0: Fly out, F7 (Flyball, 7)
Batting: RHB Juan Cardona 0-0: Called Strike
0-1: Foul Ball, location: 2F
0-2: Ground out 4-3 (Groundball, 4)
Top of the 2nd over - 0 runs, 1 hit, 0 errors, 1 left on base; Phoenix Hotspur 0 - Tacoma 0
BOTTOM OF THE 2ND
Tacoma Fur Traders batting - Pitching for Phoenix Hotspur Youth : RHP Masahiro Sakei
Batting: RHB Alan Patterson 0-0: Called Strike
0-1: Foul Ball, location: 2F
0-2: Foul Ball, location: 2F
0-2: Foul Ball, location: 2F
0-2: Ground out 6-3 (Groundball, 6)
Batting: RHB Sherman N'Dir 0-0: Called Strike
0-1: Called Strike
0-2: Ground out 5-3 (Groundball, 5S)
Batting: RHB Bill Perkins 0-0: Foul Ball, location: 2F
0-1: Ball
1-1: Called Strike
1-2: Ball
2-2: Foul Ball, location: 2F
2-2: Ball
3-2: Base on Balls
Batting: RHB Gerardo Herváz 0-0: Foul Ball, location: 2F
0-1: Swinging Strike
0-2: Foul Ball, location: 2F
0-2: Ball
1-2: Ball
2-2: Ball
3-2: Strikes out swinging
Bottom of the 2nd over - 0 runs, 0 hits, 0 errors, 1 left on base; Phoenix Hotspur 0 - Tacoma 0
TOP OF THE 3RD
Phoenix Hotspur Youth batting - Pitching for Tacoma Fur Traders : RHP Álex Hernández
Batting: LHB Joseph Antoine 0-0: Ball
1-0: Called Strike
1-1: Ball
2-1: Ball
3-1: Base on Balls
Batting: RHB Juan Negrete 0-0: Ball
1-0: Ball
2-0: Called Strike
2-1: Ball
3-1: Called Strike
3-2: Strikes out swinging
Batting: LHB Damian Alldred 0-0: Foul Ball, location: 2F
0-1: SINGLE (Groundball, 25) (infield hit)
Joseph Antoine to second
Batting: RHB Sinfronio Vitor 0-0: Ball
1-0: Called Strike
1-1: Ball
2-1: Ball
3-1: Foul Ball, location: 2F
3-2: Grounds into double play, 3-6-1 (Groundball, 34)
Top of the 3rd over - 0 runs, 1 hit, 0 errors, 1 left on base; Phoenix Hotspur 0 - Tacoma 0
BOTTOM OF THE 3RD
Tacoma Fur Traders batting - Pitching for Phoenix Hotspur Youth : RHP Masahiro Sakei
Batting: RHB Jeremy Geertsen 0-0: Called Strike
0-1: Fly out, F7 (Flyball, 7)
Batting: RHB Michael Palledorous 0-0: Ball
1-0: Called Strike
1-1: Ball
2-1: Foul Ball, location: 2F
2-2: Fly out, F3 (Popup, 3L)
Batting: RHB Daryl Yandell 0-0: Called Strike
0-1: Ball
1-1: Fly out, F4 (Popup, 4M)
Bottom of the 3rd over - 0 runs, 0 hits, 0 errors, 0 left on base; Phoenix Hotspur 0 - Tacoma 0
TOP OF THE 4TH
Phoenix Hotspur Youth batting - Pitching for Tacoma Fur Traders : RHP Álex Hernández
Batting: RHB Braylen Sampson 0-0: Ball
1-0: Swinging Strike
1-1: Swinging Strike
1-2: Fly out, F8 (Flyball, 8LM)
Batting: LHB António Escalante 0-0: Ball
1-0: Fly out, F9 (Flyball, 9S)
Batting: RHB José Souza 0-0: Called Strike
0-1: Ball
1-1: Fly out, F4 (Line Drive, 4)
Top of the 4th over - 0 runs, 0 hits, 0 errors, 0 left on base; Phoenix Hotspur 0 - Tacoma 0
BOTTOM OF THE 4TH
Tacoma Fur Traders batting - Pitching for Phoenix Hotspur Youth : RHP Masahiro Sakei
Batting: RHB Amon-Ra St. Brown 0-0: Ground out U3 (Groundball, 34S)
Batting: RHB Mike Case 0-0: Called Strike
0-1: Foul Ball, location: 2F
0-2: Ball
1-2: Ball
2-2: DOUBLE (Line Drive, 8LD)
Batting: RHB Alan Patterson 0-0: Ball
1-0: Foul Ball, location: 2F
1-1: Ball
2-1: SINGLE (Line Drive, 56D)
Mike Case to third
Batting: RHB Sherman N'Dir 0-0: Called Strike
Alan Patterson is caught stealing 2nd base
0-1: Swinging Strike
0-2: Ball
1-2: Foul Ball, location: 2F
1-2: Strikes out swinging
Bottom of the 4th over - 0 runs, 2 hits, 0 errors, 1 left on base; Phoenix Hotspur 0 - Tacoma 0
TOP OF THE 5TH
Phoenix Hotspur Youth batting - Pitching for Tacoma Fur Traders : RHP Álex Hernández
Batting: RHB Bill Poole 0-0: Called Strike
0-1: Ball
1-1: Swinging Strike
1-2: Fly out, F8 (Flyball, 8RD)
Batting: RHB Juan Cardona 0-0: Ground out 4-3 (Groundball, 4)
Batting: LHB Joseph Antoine 0-0: Ball
1-0: Fly out, F7 (Flyball, 7D)
Top of the 5th over - 0 runs, 0 hits, 0 errors, 0 left on base; Phoenix Hotspur 0 - Tacoma 0
BOTTOM OF THE 5TH
Tacoma Fur Traders batting - Pitching for Phoenix Hotspur Youth : RHP Masahiro Sakei
Batting: RHB Bill Perkins 0-0: Called Strike
0-1: Ball
1-1: Fly out, F7 (Flyball, 7S)
Batting: RHB Gerardo Herváz 0-0: Called Strike
0-1: Swinging Strike
0-2: Ball
1-2: Ball
2-2: Ball
3-2: Strikes out swinging
Batting: RHB Jeremy Geertsen 0-0: Ground out 6-3 (Groundball, 56)
Bottom of the 5th over - 0 runs, 0 hits, 0 errors, 0 left on base; Phoenix Hotspur 0 - Tacoma 0
TOP OF THE 6TH
Phoenix Hotspur Youth batting - Pitching for Tacoma Fur Traders : RHP Álex Hernández
Batting: RHB Juan Negrete 0-0: Called Strike
0-1: Ball
1-1: Ball
2-1: Ball
3-1: Foul Ball, location: 2F
3-2: Foul Ball, location: 2F
3-2: Foul Ball, location: 2F
3-2: Base on Balls
Batting: LHB Damian Alldred 0-0: Sac Bunt - play at first, batter OUT! 3-4
Juan Negrete to second
Batting: RHB Sinfronio Vitor 0-0: Fly out, F9 (Flyball, 89M)
Batting: RHB Braylen Sampson 0-0: Ball
1-0: Ground out 5-3 (Groundball, 56S)
Top of the 6th over - 0 runs, 0 hits, 0 errors, 1 left on base; Phoenix Hotspur 0 - Tacoma 0
BOTTOM OF THE 6TH
Tacoma Fur Traders batting - Pitching for Phoenix Hotspur Youth : RHP Masahiro Sakei
Batting: RHB Michael Palledorous 0-0: Ball
1-0: SINGLE (Line Drive, 9S)
Batting: RHB Daryl Yandell 0-0: Called Strike
0-1: Ball
1-1: SINGLE (Flyball, 78S)
Michael Palledorous to second
Batting: RHB Amon-Ra St. Brown 0-0: Swinging Strike
0-1: Ball
1-1: Ball
2-1: Ball
3-1: Foul Ball, location: 2F
3-2: Foul Ball, location: 2F
3-2: Base on Balls
Michael Palledorous to third
Daryl Yandell to second
Batting: RHB Mike Case 0-0: Foul Ball, location: 2F
0-1: Foul Ball, location: 2F
0-2: Foul Ball, location: 2F
0-2: Foul Ball, location: 2F
0-2: Strikes out swinging
Batting: RHB Alan Patterson 0-0: Called Strike
0-1: Ball
1-1: Ball
2-1: Ball
3-1: Called Strike
3-2: Grounds into fielders choice 4-2 (Groundball, 34)
Daryl Yandell to third
Amon-Ra St. Brown to second
Batting: RHB Sherman N'Dir 0-0: Ground out 6-3 (Groundball, 6S)
Bottom of the 6th over - 0 runs, 2 hits, 0 errors, 3 left on base; Phoenix Hotspur 0 - Tacoma 0
TOP OF THE 7TH
Phoenix Hotspur Youth batting - Pitching for Tacoma Fur Traders : RHP Álex Hernández
Batting: LHB António Escalante 0-0: Ball
1-0: Ball
2-0: Ball
3-0: Base on Balls
Batting: RHB José Souza 0-0: Sac Bunt - play at first, batter OUT! 5-4
António Escalante to second
Batting: RHB Bill Poole 0-0: Intentional Walk
Pinch Hitting: RHB Carl Tucker 0-0: Called Strike
0-1: Ball
1-1: SINGLE (Groundball, 6D)
António Escalante to third
Bill Poole to second
Pinch Hitting: LHB Tyler Kinjeketile 0-0: Called Strike
0-1: Called Strike
0-2: Strikes out swinging
Batting: RHB Juan Negrete 0-0: Ball
1-0: Swinging Strike
1-1: Ground out 4-3 (Groundball, 4)
Top of the 7th over - 0 runs, 1 hit, 0 errors, 3 left on base; Phoenix Hotspur 0 - Tacoma 0
BOTTOM OF THE 7TH
Tacoma Fur Traders batting - Pitching for Phoenix Hotspur Youth : RHP Masahiro Sakei
Now at 1B: Tyler Kinjeketile
Now at SS: Carl Tucker
Batting: RHB Bill Perkins 0-0: Ball
1-0: Called Strike
1-1: Foul Ball, location: 2F
1-2: SINGLE (Groundball, 6MD)
Batting: RHB Gerardo Herváz 0-0: Ball
1-0: SINGLE (Groundball, 6D)
Bill Perkins to second
Batting: RHB Jeremy Geertsen 0-0: Sac Bunt - play at first, batter OUT! 1-4
Bill Perkins to third
Gerardo Herváz to second
Batting: RHB Michael Palledorous 0-0: Foul Ball, location: 2F
0-1: Foul Ball, location: 2F
0-2: Strikes out looking
Batting: RHB Daryl Yandell 0-0: Ball
1-0: Fly out, F8 (Flyball, 8RD)
Bottom of the 7th over - 0 runs, 2 hits, 0 errors, 2 left on base; Phoenix Hotspur 0 - Tacoma 0
TOP OF THE 8TH
Phoenix Hotspur Youth batting - Pitching for Tacoma Fur Traders : RHP Álex Hernández
Batting: LHB Damian Alldred 0-0: Called Strike
0-1: Called Strike
0-2: Strikes out swinging
Batting: RHB Sinfronio Vitor 0-0: TRIPLE (Line Drive, 8LXD)
Batting: RHB Braylen Sampson 0-0: Called Strike
0-1: Called Strike
0-2: Foul Ball, location: 2F
0-2: Strikes out looking
Batting: LHB António Escalante 0-0: Ball
1-0: Ball
2-0: Foul Ball, location: 2F
2-1: Foul Ball, location: 2F
2-2: SINGLE (Line Drive, 6D)
Sinfronio Vitor scores
Batting: RHB José Souza 0-0: Called Strike
0-1: Ball
1-1: Ball
2-1: Ball
3-1: Base on Balls
António Escalante to second
Pitching: LHP Pedro Pérez
Batting: RHB Bill Poole 0-0: Ball
1-0: Swinging Strike
1-1: Called Strike
1-2: Strikes out looking
Top of the 8th over - 1 run, 2 hits, 0 errors, 2 left on base; Phoenix Hotspur 1 - Tacoma 0
BOTTOM OF THE 8TH
Tacoma Fur Traders batting - Pitching for Phoenix Hotspur Youth : RHP Masahiro Sakei
Batting: RHB Amon-Ra St. Brown 0-0: Called Strike
0-1: Called Strike
0-2: Ground out 1-3 (Groundball, 13S)
Batting: RHB Mike Case 0-0: SINGLE (Flyball, 89M)
Batting: RHB Alan Patterson 0-0: Ball
1-0: Ball
2-0: Called Strike
2-1: Foul Ball, location: 2F
2-2: SINGLE (Groundball, 56)
Mike Case to second
Batting: RHB Sherman N'Dir 0-0: Called Strike
0-1: Swinging Strike
0-2: Ball
1-2: Ground out 6-3 (Groundball, 6D)
Mike Case to third
Alan Patterson to second
Batting: RHB Bill Perkins 0-0: Called Strike
0-1: Foul Ball, location: 2F
0-2: Ball
1-2: Ball
2-2: Strikes out swinging
Bottom of the 8th over - 0 runs, 2 hits, 0 errors, 2 left on base; Phoenix Hotspur 1 - Tacoma 0
TOP OF THE 9TH
Phoenix Hotspur Youth batting - Pitching for Tacoma Fur Traders : LHP Pedro Pérez
Batting: RHB Carl Tucker 0-0: Called Strike
0-1: Foul Ball, location: 2F
0-2: Strikes out swinging
Batting: LHB Tyler Kinjeketile 0-0: Called Strike
0-1: Ball
1-1: Ball
2-1: Ball
3-1: SOLO HOME RUN (Flyball, 9LD), Distance : 354 ft
Batting: RHB Juan Negrete 0-0: Ball
1-0: Called Strike
1-1: Called Strike
1-2: Ball
2-2: Ball
3-2: Fly out, F7 (Flyball, 7D)
Batting: LHB Damian Alldred 0-0: Ball
1-0: Ball
2-0: Foul Ball, location: 2F
2-1: Foul Ball, location: 2F
2-2: Foul Ball, location: 2F
2-2: Foul Ball, location: 2F
2-2: Strikes out swinging
Top of the 9th over - 1 run, 1 hit, 0 errors, 0 left on base; Phoenix Hotspur 2 - Tacoma 0
BOTTOM OF THE 9TH
Tacoma Fur Traders batting - Pitching for Phoenix Hotspur Youth : RHP Masahiro Sakei
Pitching: RHP Leon von Stroheim
Batting: RHB Gerardo Herváz 0-0: Ball
1-0: Foul Ball, location: 2F
1-1: Ball
2-1: Foul Ball, location: 2F
2-2: Ball
3-2: SINGLE (Groundball, 56D)
Batting: RHB Jeremy Geertsen 0-0: Ball
1-0: Swinging Strike
1-1: Ball
2-1: Ball
3-1: Base on Balls
Gerardo Herváz to second
Batting: RHB Michael Palledorous 0-0: Bunted foul
0-1: Bunted foul
0-2: Fly out, F4 (Popup, 4S)
Batting: RHB Daryl Yandell 0-0: Ball
1-0: Foul Ball, location: 2F
1-1: Ball
2-1: Foul Ball, location: 2F
2-2: Foul Ball, location: 2F
2-2: Grounds into double play, 1-6-3 (Groundball, P)
Bottom of the 9th over - 0 runs, 1 hit, 0 errors, 1 left on base; Phoenix Hotspur 2 - Tacoma 0
Tuesday, June 12th, 2018 - OOTP Baseball 18.8 Build 76